Unix NetHack Version 5.0.0-0 post-release - last build Jul 19 2026 19:10:59 (3aa4ab31751d3886436d94b585a96704892fd477,branch:main).

Game began 2026-07-27 09:29:32, ended 2026-07-27 09:57:05.

LDaviesPeters, neutral female human Archeologist

                      -----------                -------         ---------
                      |.........|                |.....|         |.???%%?|
                     #-.........|    -----       +..>..|         |.%%()%=|
    -----------   ####|..........####|...|       |.....|        #+.])?)!)|
    |...|...|.|####   |.........|   #|...|       ----.--        #|.+!)*?!|
    |...|...|.|#      |.........|   #|...|           #          #---------
    |...-|--->-#      -----|-----   #|)...##         #          #
    |.........|            ######   #-.---###############       #
    |.........|                 ########`##        -|---.------ #
    -----------               q@#                  |<.........| #
                                ###                |..).......| #
                                #####              |..........|##
                              --.-+-+---           |..........|#
                              |........|           |..........|#
                              |........|           |...........#
                              |........|           ------------
                              |........|
                              ----------

LDaviesPeters the Field Worker  St:13 Dx:13 Co:14 In:15 Wi:14 Ch:8  Neutral
Dlvl:4  $:0  HP:0(28) Pw:20(20) AC:8  Xp:4 T:2237 

Latest messages:
 The rothe misses the kitten.
 You kill the rothe!
 Your kitten eats a rothe corpse.
 You swap places with your kitten.
 You lash the homunculus.
 The homunculus just misses!
 You lash the homunculus.
 The homunculus bites!
 You miss the homunculus.
 The homunculus bites!
 You kill the homunculus!
 You see here a whistle.
 B - a whistle.
 What do you want to use or apply? [abfgjvB or ?*] B
 You produce a high whistling sound.
 What do you want to call? [jovB or ?*] B
 Call a whistle: TinWhistle
 You see here 5 gold pieces.
 $ - 5 gold pieces.
 What do you want to use or apply? [abfgjvB or ?*] b
 You put 5 gold pieces into the sack.
 You climb up the stairs.
 You attack thin air.
 You attack thin air.
 You attack thin air.
 You hear someone counting gold coins.
 You attack thin air.
 You attack thin air.
 The door opens.
 You attack thin air.
 You find a hidden door.
 You find a hidden door.
 You miss the rothe.
 The rothe hits!
 The rothe bites!
 The rothe bites again!
 You miss the rothe.
 You lash the rothe.
 The rothe just misses!
 The rothe bites!
 The rothe bites again!
 You miss the rothe.
 The rothe hits!
 The rothe bites!
 The rothe bites again!
 You miss the rothe.
 The rothe hits!
 The rothe bites!
 You die...
 Do you want your possessions identified? [ynq] (y) q

Inventory:
 Weapons  (')')
  m - 11 +0 shuriken
  e - a blessed +2 elven dagger
  q - a blessed +1 orcish dagger
  n - 3 +0 orcish daggers
  a - a +2 bullwhip (weapon in right hand)
 Armor    ('[')
  c - an uncursed +0 fedora
  o - an uncursed +0 orcish helm (being worn)
  h - an uncursed +0 leather jacket (being worn)
 Comestibles  ('%')
  d - 2 uncursed food rations
  A - an uncursed food ration
 Wands    ('/')
  v - a wand of make invisible (0:2)
  j - a wand of sleep (0:4)
 Tools    ('(')
  b - an uncursed sack containing 11 items
  B - an uncursed tin whistle
  f - a tinning kit (0:82)
 Gems/Stones  ('*')
  g - an uncursed touchstone

Contents of the sack:
  85 gold pieces
  an uncursed scroll of create monster
  a blessed scroll of destroy armor
  a blessed scroll of identify
  an uncursed scroll of taming
  an uncursed spellbook of magic missile
  an uncursed potion of paralysis
  an uncursed potion of sleeping
  an uncursed potion of oil
  an uncursed potion of booze
  a +0 pick-axe

LDaviesPeters the Archeologist's attributes:

Background:
 You were a Field Worker, a level 4 female human Archeologist.
 You were neutral, on a mission for Camaxtli
 who was opposed by Quetzalcoatl (lawful) and Huhetotl (chaotic).
 You were right-handed.
 You were in the Dungeons of Doom, on level 4.
 You entered the dungeon 2237 turns ago.
 You had 106 experience points, 54 more were needed to attain level 5.

Basics:
 You had 0 out of 28 hit points.
 You had all 20 energy points (spell power).
 Your armor class was 8.
 Your wallet was empty, but
 you had 85 zorkmids stashed away in your pack.
 Autopickup was off.

Final Characteristics:
 Your strength was 13 (limit:18/100).
 Your dexterity was 13 (limit:18).
 Your constitution was 14 (limit:18).
 Your intelligence was 15 (limit:18).
 Your wisdom was 14 (limit:18).
 Your charisma was 8 (limit:18).

Final Status:
 You weren't hungry.
 You were unencumbered.
 You were wielding a whip.
 You had basic skill with whip.

Final Attributes:
 You were piously aligned.
 You had automatic searching.
 You are dead.

Miscellaneous:
 You didn't encounter any bones levels.
 Total elapsed playing time was 27 minutes and 31 seconds.

Major events:
 Turn
    1: LDaviesPeters the neutral female human Archeologist entered the dungeon
  543: attained the rank of Field Worker (level 3)
 1736: entered the Gnomish Mines
 2237: killed by a rothe

Spells:
 Name                 Level Category     Fail Retention
 magic missile          2   attack        94%  76%-100%

Skills:
 Fighting Skills
   bare handed combat [Unskilled]
   two weapon combat  [Unskilled]
   riding             [Unskilled]
 Weapon Skills
   dagger             [Unskilled]
   knife              [Unskilled]
   pick-axe           [Basic]
   short sword        [Unskilled]
   saber              [Unskilled]
   club               [Unskilled]
   quarterstaff       [Unskilled]
   sling              [Unskilled]
   dart               [Unskilled]
   boomerang          [Unskilled]
   whip               [Basic]
   unicorn horn       [Unskilled]
 Spellcasting Skills
   attack spells      [Unskilled]
   healing spells     [Unskilled]
   divination spells  [Unskilled]
   matter spells      [Unskilled]

Voluntary challenges:
 Character rerolling was not enabled.
 You never genocided any monsters.
 You never polymorphed an object.
 You never changed form.
 You used no wishes.
Achievements:
 You attained the rank of Field Worker.
 You entered a shop.
 You entered the Gnomish Mines.

 The Dungeons of Doom: levels 1 to 5
    Level 1:
       Many fountains.
    Level 2:
       A general store, an altar to Camaxtli, a fountain.
    Level 3:
       A fountain.
    Level 4: <- You were here.
       A general store.
       Stairs down to The Gnomish Mines.
       Final resting place for
          you, killed by a rothe.
    Level 5:
 The Gnomish Mines:
    Level 5:


Vanquished creatures:
  a homunculus
  2 rothes
  2 orc zombies
 an acid blob
  2 hobbits
  a giant rat
  a cave spider
  a brown mold
  2 yellow molds
  2 geckos
  5 jackals
  a kobold
  4 goblins
  3 sewer rats
  2 grid bugs
  a bat
  4 lichens
  a kobold zombie
  3 newts
39 creatures vanquished.

No species were genocided or became extinct.

Game over:
                       ----------
                      /          \
                     /    REST    \
                    /      IN      \
                   /     PEACE      \
                  /                  \
                  |  LDaviesPeters   |
                  |      85 Au       |
                  |   killed by a    |
                  |      rothe       |
                  |                  |
                  |                  |
                  |       2026       |
                 *|     *  *  *      | *
        _________)/\\_//(\/(/\)/\//\/|_)_______

Goodbye LDaviesPeters the Archeologist...

You died in The Dungeons of Doom on dungeon level 4 with 711 points,
and 85 pieces of gold, after 2237 moves.
You were level 4 with a maximum of 28 hit points when you died.

